 Dungeon Crawl Stone Soup version 0.28.0-53-g5a82cb258f (webtiles) character file.

Game seed: 4780022923465022353

98 adizb the Skirmisher (level 4, -5/38 HPs)
             Began as a Palentonga Fighter on Aug 4, 2022.
             Killed from afar by a white imp (10 damage)
             ... with a puff of frost
             ... summoned by Natasha
             ... on level 2 of the Dungeon.
             The game lasted 00:07:02 (1312 turns).

adizb the Skirmisher (Palentonga Fighter)           Turns: 1312, Time: 00:07:03

Health: -5/38      AC:  6    Str: 19    XL:     4   Next: 44%
Magic:  4/4        EV:  7    Int:  8    God:
Gold:   57         SH:  5    Dex: 18    Spells: 3/3 levels left

rFire   + . .      SeeInvis +   a - +0 flail
rCold   . . .      Faith    .   c - +0 buckler
rNeg    . . .      Spirit   .   b - +0 scale mail
rPois   .          Reflect  .   (no helmet)
rElec   .          Harm     .   (no cloak)
rCorr   .          Rampage  .   (no gloves)
Will    .....                   (no barding)
Stlth   ..........              (no amulet)
HPRegen 0.12/turn               f - ring of protection from fire
MPRegen 0.09/turn               g - +6 ring of dexterity

@: mighty
A: large, rugged brown scales 3, see invisible, deformed body, roll 1, armoured
tail
a: Rolling Charge


You were on level 2 of the Dungeon.
You visited 1 branch of the dungeon, and saw 2 of its levels.

You collected 57 gold pieces.

Inventory:

Hand Weapons
 a - a +0 flail (weapon)
Armour
 b - a +0 scale mail (worn)
 c - a +0 buckler (worn)
Jewellery
 f - a ring of protection from fire (left hand)
 g - a +6 ring of dexterity (right hand)
Scrolls
 e - a scroll of vulnerability {unknown}
 h - a scroll of enchant armour {unknown}
 i - a scroll of identify {unknown}


   Skills:
 + Level 3.6 Fighting
 * Level 3.3 Maces & Flails
 + Level 2.9 Armour
 + Level 2.9 Shields


You had 3 spell levels left.
You didn't know any spells.
Your spell library was empty.

Dungeon Overview and Level Annotations

Branches:
Dungeon (2/15)

Altars:

Annotations:
D:2 Natasha


Innate Abilities, Weirdness & Mutations

You are completely covered in rugged brown scales. (AC +3, +7% HP)
You have supernaturally acute eyesight. (SInv)
Armour fits poorly on your strangely shaped body.
You can roll at nearby foes to attack.
You have a long armoured tail.


Message History

You are no longer poisoned.
You feel very mighty all of a sudden. The adder bites you but does no damage.
Natasha growls.
Natasha claws you.
You miss the adder.
The adder is heavily wounded.
The adder barely misses you.
Natasha mumbles some strange words.
Natasha glows brightly for a moment.
Natasha casts a spell.
The adder bites you.
You sock the adder!
Your tail-slap misses the adder.
The adder is almost dead.
You block the adder's attack. Natasha claws you.
The crimson imp sputters.
You miss the adder.
The adder is almost dead.
You block the adder's attack. Natasha barely misses you.
The white imp gestures at you. The puff of frost hits you.
* * * LOW HITPOINT WARNING * * *
The crimson imp blinks!
The adder bites you but does no damage.
You sock the adder!
You kill the adder!
Natasha mumbles some strange words.
Natasha shimmers violently.
Natasha claws you.
* * * LOW HITPOINT WARNING * * *
The white imp gestures at you. The puff of frost misses you.
Natasha barely misses you.
You closely miss Natasha. The goblin hits you but does no damage.
You block Natasha's attack. You block the white imp's attack.
The crimson imp blinks!
You closely miss Natasha. The goblin hits you with a +0 club.
* * * LOW HITPOINT WARNING * * *
Natasha barely misses you. The white imp gestures at you.
The puff of frost hits you!
You die...

.. ..##.# .
.......# ..
#§#.#..#... #
#........
#.##?#...##.#.
#.............
.####..†#.##.##
......hg# #
######5@#
######..#
#.......#
#######
#.#####.#
......# #.#
......# #.#
......# #.#
......# #.#
....>.# #.#


You could see Natasha, a white imp (summoned) and a goblin.

Vanquished Creatures
  Natasha (D:2)
  3 adders (D:2)
  A worm (D:2)
  2 dart slugs (D:1)
  3 bats
  An endoplasm (D:2)
  4 giant cockroaches
  A goblin (D:1)
  4 hobgoblins
  2 quokkas
  9 ball pythons
  4 frilled lizards
  3 kobolds (D:1)
  2 rats (D:2)
40 creatures vanquished.

Notes
Turn   | Place    | Note
-------+----------+-------------------------------------------
     0 | D:1      | adizb the Palentonga Fighter began the quest for the Orb.
     0 | D:1      | Reached XP level 1. HP: 19/19 MP: 1/1
    40 | D:1      | Found a faded altar of an unknown god.
   403 | D:1      | Reached XP level 2. HP: 25/25 MP: 2/2
   804 | D:2      | Reached XP level 3. HP: 30/31 MP: 3/3
  1036 | D:2      | Noticed Natasha
  1041 | D:2      | Killed Natasha
  1131 | D:2      | Reached XP level 4. HP: 30/37 MP: 4/4
  1296 | D:2      | Noticed Natasha
  1312 | D:2      | Killed from afar by a white imp

Illustrated notes

Levels and vault maps discovered:
D:1:      minmay_arrival_solitary_statue, layout_loops_corners,
          ebering_ecumenical_altar_sacrificial
D:2:      layout_basic, uniq_sigmund, uniq_natasha

Skill      XL: |  1  2  3 |
---------------+----------+-----
Maces & Flails | 3 |  3.3
Fighting       | |  3.6
Armour         | |  2.9
Shields        | |  2.9

Action                   |  1- 3 |  4- 6 || total
-------------------------+-------+-------++-------
Melee: Flail             |    84 |    22 ||   106
       Tailslap          |     7 |       ||     7
 Abil: Rolling Charge    |    24 |     3 ||    27
  Use: Potion            |       |     1 ||     1
Armor: Scale mail        |    31 |    15 ||    46
Dodge: Dodged            |    27 |     9 ||    36
Block: Buckler           |    15 |    10 ||    25
